Map: Interloper LE

Players

VampyWorm

  • Race: Protoss Protoss
  • League: Master
  • Spawn Location: 5:00

Rengen - Winner!

  • Race: Protoss Protoss
  • League: Master
  • Spawn Location: 11:00

VOD

https://go.twitch.tv/videos/186074637

Description

Time

  • Played on: Oct. 28, 2017, 2:37 p.m.
  • Length: 13:50
Show
View Real Time Build Order
Export as new Build Order

VampyWorm Protoss 

Build Orders:  

Get SALT Encoding   

  12  0:01  Probe (Chrono Boost)  
  13  0:11  Probe (Chrono Boost)  
  14  0:18  Pylon  
  14  0:22  Probe (Chrono Boost)  
  15  0:37  Probe (Chrono Boost)  
  15  0:39  Gateway  
  15  0:42  Assimilator  
  16  0:47  Probe (Chrono Boost)  
  17  0:58  Probe (Chrono Boost)  
  17  1:02  Gateway  
  18  1:05  Assimilator  
  19  1:11  Probe (Chrono Boost)  
  19  1:22  Probe (Chrono Boost)  
  20  1:27  Cybernetics Core  
  20  1:32  Probe (Chrono Boost)  
  21  1:43  Probe (Chrono Boost)  
  21  1:44  Pylon  
  22  1:53  Probe (Chrono Boost)  
  23  2:06  Stalker (Chrono Boost)  
  23  2:07  Stalker (Chrono Boost)  
  27  2:08  Warp Gate (Chrono Boost)  
  27  2:16  Pylon  
  27  2:36  Stalker (Chrono Boost)  
  31  2:39  Stalker (Chrono Boost)  
  30  3:01  Nexus  
  30  3:07  Pylon  
  30  3:22  Robotics Facility  
  30  3:25  Probe  
  31  3:38  Mothership Core (Chrono Boost)  
  33  3:49  Gateway  
  33  3:59  Probe (Chrono Boost)  
  34  4:05  Stalker x2  
  34  4:09  Observer (Chrono Boost)  
  39  4:11  Probe  
  40  4:22  Probe  
  41  4:28  Sentry x2, Twilight Council  
  45  4:32  Observer (Chrono Boost)  
  46  4:42  Probe  
  47  4:46  Probe  
  47  4:51  Immortal (Chrono Boost)  
  52  4:54  Probe  
  52  4:57  Probe  
  54  5:04  Charge (Chrono Boost)  
  54  5:06  Probe  
  55  5:07  Probe  
  55  5:09  Pylon  
  56  5:22  Immortal (Chrono Boost)  
  56  5:24  Probe  
  56  5:25  Probe  
  62  5:32  Forge  
  62  5:36  Probe  
  62  5:41  Phoenix  
  63  5:50  Nexus  
  63  5:52  Probe  
  63  5:53  Probe  
  65  6:00  Assimilator  
  65  6:04  Probe  
  67  6:11  Probe  
  67  6:27  Nexus, Probe  
  67  6:29  Pylon, Probe  
  68  6:38  Zealot  
  70  6:42  Immortal  
  70  6:45  Protoss Ground Weapons Level 1 (Chrono Boost)  
  70  6:47  Probe (Chrono Boost)  
  70  6:48  Probe (Chrono Boost)  
  70  6:50  Gateway  
  76  6:55  Gateway  
  76  6:57  Assimilator  
  76  6:58  Pylon  
  76  6:59  Probe (Chrono Boost)  
  78  7:01  Probe (Chrono Boost)  
  78  7:02  Pylon  
  76  7:11  Probe (Chrono Boost)  
  77  7:17  Immortal  
  77  7:19  Mothership Core (Chrono Boost)  
  77  7:20  Zealot x3  
  89  7:32  Probe (Chrono Boost)  
  90  7:39  Probe (Chrono Boost)  
  90  7:42  Zealot x3, Probe (Chrono Boost)  
  98  7:47  Probe (Chrono Boost)  
  98  7:48  Templar Archives  
  100  7:51  Probe (Chrono Boost)  
  100  7:53  Probe (Chrono Boost)  
  100  7:58  Probe (Chrono Boost)  
  102  8:03  Probe x2 (Chrono Boost)  
  104  8:07  Zealot x2  
  104  8:10  Probe (Chrono Boost)  
  109  8:13  Pylon  
  109  8:16  Pylon  
  109  8:19  Assimilator  
  109  8:26  Immortal  
  109  8:31  Probe x2 (Chrono Boost)  
  115  8:38  Gateway  
  115  8:41  Gateway  
  115  8:45  High Templar  
  115  8:46  High Templar x3  
  115  8:47  High Templar  
  125  8:50  Archon x2  
  125  8:59  Protoss Ground Weapons Level 2 (Chrono Boost)  
  124  9:12  Pylon, Probe  
  124  9:15  Pylon  
  125  9:19  Pylon  
  125  9:22  Assimilator  
  125  9:25  Pylon, Immortal  
  125  9:28  High Templar  
  125  9:30  Probe  
  129  9:31  Probe x2  
  132  9:39  High Templar x2, Zealot  
  132  9:40  Zealot  
  132  9:42  Archon  
  132  9:43  Archon, Probe  
  141  9:56  Pylon  
  141  9:59  Robotics Facility, Immortal  
  143  10:17  High Templar x2  
  143  10:18  Zealot x5  
  157  10:29  Gateway  
  157  10:30  Gateway  
  157  10:32  Gateway  
  157  10:33  Immortal  
  155  10:35  Pylon  
  147  10:43  Zealot x2  
  147  10:44  Zealot x3  
  147  10:48  Archon  
  155  10:51  Stalker x2  
  159  11:07  Immortal  
  159  11:11  High Templar x2  
  159  11:12  Zealot x3  
  168  11:32  Dark Shrine  
  168  11:33  Immortal  
  172  11:43  Archon  
  172  11:45  Phoenix  
  172  11:52  Pylon  
  172  11:57  Pylon  
  172  12:05  Warp Prism  
  168  12:23  Robotics Bay  
  168  12:28  Probe  
  168  12:29  Probe x2  
  171  12:39  Probe  
  171  12:41  Probe  
  171  12:42  Probe  
  174  12:49  Probe  
  175  13:16  Dark Templar x6  
  175  13:17  Dark Templar  
  152  13:34  Probe  
  152  13:36  Probe  
Show
View Real Time Build Order
Export as new Build Order

Rengen Protoss - Winner!

Build Orders: Blink Stalkers, Zealot Archon 

Get SALT Encoding   

  12  0:00  Probe (Chrono Boost)  
  13  0:11  Probe (Chrono Boost)  
  14  0:17  Pylon  
  14  0:22  Probe (Chrono Boost)  
  15  0:28  Assimilator  
  16  0:36  Probe (Chrono Boost)  
  16  0:38  Assimilator  
  16  0:46  Probe (Chrono Boost)  
  17  0:54  Gateway  
  17  1:02  Gateway  
  17  1:06  Probe (Chrono Boost)  
  18  1:17  Probe (Chrono Boost)  
  19  1:28  Probe (Chrono Boost)  
  20  1:38  Probe (Chrono Boost)  
  21  1:42  Cybernetics Core  
  21  1:47  Pylon  
  21  1:49  Probe (Chrono Boost)  
  22  1:59  Probe (Chrono Boost)  
  23  2:10  Probe (Chrono Boost)  
  24  2:19  Warp Gate (Chrono Boost), Stalker x2  
  24  2:21  Mothership Core (Chrono Boost)  
  30  2:25  Pylon  
  30  2:49  Stalker x2  
  34  3:06  Nexus  
  34  3:08  Pylon  
  33  3:27  Robotics Facility  
  33  3:30  Twilight Council  
  33  3:43  Probe  
  34  3:56  Blink (Chrono Boost), Probe (Chrono Boost)  
  36  4:10  Probe (Chrono Boost)  
  36  4:15  Sentry  
  38  4:18  Immortal (Chrono Boost)  
  38  4:22  Probe  
  38  4:23  Probe  
  44  4:33  Stalker  
  44  4:34  Probe  
  47  4:40  Probe  
  48  4:47  Probe  
  48  4:52  Observer (Chrono Boost), Probe  
  51  4:54  Pylon  
  51  4:59  Probe  
  52  5:01  Forge  
  52  5:02  Stalker  
  52  5:04  Probe  
  55  5:09  Stalker  
  55  5:11  Probe  
  58  5:21  Probe  
  59  5:23  Probe  
  60  5:33  Probe  
  60  5:35  Assimilator, Probe  
  62  5:36  Pylon  
  62  5:38  Sentry  
  62  5:40  Protoss Ground Weapons Level 1 (Chrono Boost), Assimilator  
  62  5:41  Pylon  
  64  5:47  Probe  
  64  5:49  Pylon  
  65  5:52  Gateway  
  65  5:55  Immortal  
  65  5:56  Gateway  
  65  6:03  Probe x2  
  71  6:15  Probe  
  72  6:21  Probe  
  71  6:25  Nexus  
  71  6:27  Probe  
  71  6:28  Pylon  
  72  6:36  Charge (Chrono Boost)  
  72  6:37  Probe  
  72  6:39  Probe  
  74  6:44  Immortal (Chrono Boost)  
  78  6:53  Probe x2  
  80  6:55  Templar Archives  
  80  7:05  Probe x2  
  80  7:17  Probe  
  80  7:18  Probe  
  86  7:23  Immortal (Chrono Boost)  
  86  7:24  Protoss Ground Weapons Level 2  
  87  7:30  Probe  
  87  7:33  High Templar x2, Zealot  
  87  7:34  Zealot  
  87  7:36  Assimilator  
  95  7:38  Probe  
  95  7:39  Probe  
  95  7:41  Assimilator  
  95  7:42  Probe  
  95  7:43  Pylon, Archon  
  98  7:48  Probe  
  98  7:49  Colossus (Chrono Boost)  
  98  7:50  Gateway x2  
  99  7:56  Probe  
  100  8:01  Probe  
  100  8:02  Probe  
  102  8:06  Immortal (Chrono Boost)  
  102  8:08  Probe  
  107  8:16  Probe  
  107  8:17  Probe  
  109  8:22  High Templar x2  
  109  8:23  Probe  
  109  8:26  Probe  
  114  8:28  Gateway, Archon  
  114  8:29  Gateway, Photon Cannon, Probe  
  114  8:30  High Templar x2  
  114  8:33  Photon Cannon  
  120  8:35  Archon, Probe  
  121  8:42  Pylon  
  121  8:45  Warp Prism (Chrono Boost)  
  123  8:50  Pylon  
  123  8:51  Photon Cannon  
  123  8:53  Pylon  
  123  8:55  Photon Cannon  
  122  9:04  High Templar x4  
  122  9:09  Archon x2  
  130  9:16  Probe  
  131  9:19  Pylon  
  131  9:20  Protoss Ground Weapons Level 3  
  131  9:21  Nexus  
  131  9:24  Pylon  
  131  9:28  Pylon  
  131  9:32  Immortal (Chrono Boost)  
  131  9:36  High Templar  
  131  9:37  High Templar  
  131  9:38  Pylon  
  139  9:45  Pylon  
  139  9:47  Pylon, Zealot x2  
  139  9:48  Zealot x4  
  143  10:07  Immortal (Chrono Boost), Archon  
  143  10:14  Assimilator  
  143  10:15  Stargate  
  143  10:16  Stargate  
  143  10:17  Zealot  
  143  10:19  Assimilator, Zealot  
  143  10:20  Zealot  
  149  10:22  Photon Cannon  
  149  10:23  Photon Cannon  
  149  10:25  Pylon, Zealot x2  
  153  10:28  Zealot  
  149  10:49  High Templar x3  
  155  10:50  High Templar  
  155  10:53  Archon  
  155  10:54  Zealot, Archon  
  155  10:55  Zealot  
  161  11:03  Oracle  
  164  11:06  Fleet Beacon  
  162  11:17  Immortal (Chrono Boost)  
  158  11:29  High Templar x2, Gateway  
  162  11:33  Zealot  
  162  11:35  Gateway  
  162  11:36  Gateway  
  164  11:42  Archon  
  164  11:43  Carrier x2 (Chrono Boost)  
  162  11:49  Immortal (Chrono Boost)  
  162  11:52  Protoss Shields Level 1 (Chrono Boost)  
  162  11:53  Gateway  
  178  11:55  Pylon  
  178  11:57  Pylon  
  176  12:29  High Templar x4  
  180  12:35  Archon x2  
  180  12:48  Pylon, Nexus  
  180  12:52  Assimilator  
  180  12:56  Assimilator  
  180  13:00  Nexus  
  180  13:03  Pylon  
  180  13:07  Zealot x4  
  180  13:08  Zealot x3  
  200  13:21  Gateway  
  200  13:22  Gateway  
  200  13:32  Zealot x3  
  200  13:33  Zealot  
  200  13:34  Zealot x7  
  194  13:43  Zealot  
Tags
 
Add a new tag
Caveats
  • Supply blocks, unpowered buildings, or Contaminate may cause inaccurate times.
  • Supply counts are checked every 10 seconds.